[Event "Early-Titled-Tuesday-Blitz-January-23-2024"]
[Site "Chess.com"]
[Date "2024.01.23"]
[Round "1"]
[White "abelmat"]
[Black "bazar-wokzal"]
[Result "0-1"]
[WhiteElo "2148"]
[BlackElo "2564"]
[TimeControl "180+1"]
[EndTime "8:06:57 PST"]
[Termination "bazar-wokzal won on time"]

1. d4 Nf6 2. c4 Nc6 3. Nf3 e6 4. a3 g6 5. Nc3 Bg7 6. g3 O-O 7. Bg2 d6 8. O-O e5 9. d5 Ne7 10. e4 Ne8 11. Qc2 f5 12. Ng5 f4 13. b4 Bh6 14.
Ne6 Bxe6 15. dxe6 Ng7 16. Bh3 Nc6 17. Nd5 Nd4 18. Qd1 Ngxe6 19. Bb2 c6 20. Nc3 Ng5 21. Qg4 Bg7 22. Bg2 f3 23. Bh3 h5 24. Qh4 Bf6 25. g4 Nxe4 26. g5 Nxg5 27. Ne4 Nh7 28. Bxd4 Bxh4 29. Be6+ Kg7 30. Be3 Ng5 31. Nxg5 Bxg5 32. Kh1 Bxe3 33. fxe3 Qf6 34. Bh3 g5 0-1

[Event "Early-Titled-Tuesday-Blitz-January-23-2024"]
[Site "Chess.com"]
[Date "2024.01.23"]
[Round "1"]
[White "Airquake"]
[Black "Grischuk"]
[Result "0-1"]
[WhiteElo "2531"]
[BlackElo "3081"]
[TimeControl "180+1"]
[EndTime "8:06:58 PST"]
[Termination "Grischuk won on time"]

1. e4 e5 2. Nf3 Nc6 3. Bb5 a6 4.
Ba4 Nf6 5. d3 d6 6. c3 g6 7. O-O Bg7 8. h3 O-O 9. Be3 b5 10. Bb3 Na5 11. Bc2 c5 12. Nbd2 Bb7 13. d4 exd4 14. cxd4 cxd4 15. Bxd4 Nc6 16. Be3 Re8 17.
a3 d5 18. exd5 Nxd5 19. Bg5 Qb6 20. Ne4 Nce7 21. Rb1 h6 22. Bh4 Nf5 23. Re1 Nde3 24. fxe3 Nxh4 25. Nfd2 Nf5 26. Qf3 Rad8 27. Rbd1 Bxb2 28.
g4 Nd6 29. Nf6+ Bxf6 30. Qxf6 Rxe3 31. Kh2 Rxe1 32. Rxe1 Nc4 0-1

[Event "Early-Titled-Tuesday-Blitz-January-23-2024"]
[Site "Chess.com"]
[Date "2024.01.23"]
[Round "1"]
[White "Semetey"]
[Black "GoValya"]
[Result "1-0"]
[WhiteElo "2618"]
[BlackElo "2282"]
[TimeControl "180+1"]
[EndTime "8:06:58 PST"]
[Termination "Semetey won by resignation"]

1. d4 d5 2. c4 c6 3. Nc3 e6 4. cxd5 exd5 5. Nf3 Be7 6. Bf4 Nf6 7. e3 O-O 8. Bd3 Nbd7 9. h3 c5 10. O-O a6 11.
Rc1 c4 12. Bb1 b5 13. a3 Bb7 14. Ne5 Rc8 15. Qf3 Bd6 16. Nxd7 Qxd7 17. Be5 Be7 18. Bf5 Qc6 19. Bxc8 Bxc8 20. Bxf6 Bxf6 21. Nxd5 Qd6 22. Nxf6+ gxf6 23. Rfd1 Kh8 24. e4 Rg8 25. Qe3 Bb7 26. d5 Bc8 27. f4 Qd7 28. Kh1 f5 29. e5 Qe7 30. d6 Qb7 31. Rd2 Bd7 32. Kh2 Bc6 33.
g3 Be4 34. Qd4 Rg7 35. Re1 Bc6 36. d7 1-0

[Event "Early-Titled-Tuesday-Blitz-January-23-2024"]
[Site "Chess.com"]
[Date "2024.01.23"]
[Round "1"]
[White "Savagelittlemole"]
[Black "rezamahdavi2008"]
[Result "0-1"]
[WhiteElo "2454"]
[BlackElo "2837"]
[TimeControl "180+1"]
[EndTime "8:06:59 PST"]
[Termination "rezamahdavi2008 won on time"]

1. e4 c5 2. Nf3 Nc6 3. Bb5 e6 4.
O-O Nge7 5. Re1 Nd4 6. Nxd4 cxd4 7. Bf1 g6 8. d3 Bg7 9. Bf4 d6 10. Qd2 O-O 11. Bh6 Bd7 12. Na3 Rc8 13. Nc4 b5 14. Bxg7 Kxg7 15. Nxd6 Rc6 16. Nxb5 Qb6 17. a4 a6 18. Na3 Qxb2 19. Reb1 Qc3 20. Qxc3 Rxc3 21. Rb7 Rd8 22. Ra7 Rc6 23. Nc4 Nc8 24. Ra8 Kf6 25.
Rb1 Ke7 26. Rbb8 Rc7 27. Na5 Rxc2 28. Rxa6 Rc1 29. f4 Re8 30. e5 Kf8 31. Nb7 Rb1 32. Raa8 Nb6 33. Rxe8+ Bxe8 34. Rd8 Ke7 35. a5 Nd7 36. a6 Rxb7 37. Rxe8+ Kxe8 38. axb7 Kd8 39. g4 Kc7 40. Bg2 Nc5 41. Kf2 Nxd3+ 42. Kg3 Nc5 43. f5 g5 44. Kf3 Kxb7 45. Ke2+ Kb6 46. Kd2 Nd7 47. Be4 h6 0-1

[Event "Early-Titled-Tuesday-Blitz-January-23-2024"]
[Site "Chess.com"]
[Date "2024.01.23"]
[Round "1"]
[White "InitiatingASC"]
[Black "MightyGMpretender"]
[Result "0-1"]
[WhiteElo "2424"]
[BlackElo "2745"]
[TimeControl "180+1"]
[EndTime "8:06:59 PST"]
[Termination "MightyGMpretender won on time"]

1. d4 Nf6 2. c4 e6 3. Nc3 Bb4 4. e3 b6 5. Bd3 Bb7 6. Nf3 O-O 7. O-O Bxc3 8. bxc3 d6 9. Re1 Ne4 10. Qc2 f5 11. Nd2 Nxd2 12. Bxd2 Qh4 13. d5 exd5 14.
Bxf5 dxc4 15. e4 Nc6 16. Qc1 Ne5 17. Bg5 Qh5 18. f4 Nd3 19. Qd1 Qxd1 20. Rexd1 Rae8 21. Bh4 Bxe4 22. Bd7 Rb8 23. Be6+ Kh8 24. Bxc4 Nxf4 25. Rd4 d5 26. Rf1 Ng6 27. Bf2 c5 28. Bxd5 cxd4 29. Bxe4 dxc3 30. Rc1 Nf4 31. Kf1 Rbe8 0-1

[Event "Early-Titled-Tuesday-Blitz-January-23-2024"]
[Site "Chess.com"]
[Date "2024.01.23"]
[Round "1"]
[White "Meri-Arabidze"]
[Black "Maftuna2303"]
[Result "1-0"]
[WhiteElo "2713"]
[BlackElo "2399"]
[TimeControl "180+1"]
[EndTime "8:06:59 PST"]
[Termination "Meri-Arabidze won by resignation"]

1. Nf3 Nf6 2. b3 e6 3. Bb2 b6 4. g3 Bb7 5. Bg2 d5 6. O-O Be7 7. d3 O-O 8. c4 c5 9. Nbd2 d4 10. b4 Nbd7 11. Nb3 e5 12. bxc5 bxc5 13. Ba3 Qc7 14. Rb1 Rab8 15. Qd2 e4 16. Nh4 Ne5 17.
Nf5 Rfc8 18. Nxe7+ Qxe7 19. Nxd4 Qd7 20. Nb3 Qe7 21. Na5 Ba8 22. Rxb8 Rxb8 23. d4 Ned7 24. dxc5 Nxc5 25. Qe3 Nfd7 26. Nb3 Rc8 27. Bh3 Qe5 28. Nxc5 Rxc5 29. Bxd7 Rc7 30. Bh3 h6 31. c5 Bd5 32.
Bg2 Qe6 33. Rd1 f5 34. Qf4 Rc8 35. Qd6 Bxa2 36. Qxe6+ Bxe6 37. f3 Bc4 38. Kf2 exf3 39. Bxf3 a5 40. c6 Kh7 41. Bd6 Bb5 42. c7 Ba6 43. Ra1 1-0

[Event "Early-Titled-Tuesday-Blitz-January-23-2024"]
[Site "Chess.com"]
[Date "2024.01.23"]
[Round "1"]
[White "esrosenberg"]
[Black "SashaKuzhilniy"]
[Result "1/2-1/2"]
[WhiteElo "2355"]
[BlackElo "2649"]
[TimeControl "180+1"]
[EndTime "8:06:59 PST"]
[Termination "Game drawn by repetition"]

1. c4 e6 2. g3 d5 3. Bg2 Nf6 4. Nf3 Be7 5. d4 O-O 6. O-O Nbd7 7. cxd5 exd5 8. Nc3 c6 9. Bf4 Re8 10. Rc1 Nb6 11. Qc2 g6 12. Rfd1 Bf5 13. Qd2 Ne4 14.
Nxe4 Bxe4 15. b3 a5 16. Be5 f6 17. Bf4 Ba3 18. Ra1 a4 19. Qc3 Qe7 20. Bh6 Qb4 21. Qxb4 Bxb4 22. Bd2 Bxf3 23. Bxf3 Bxd2 24. Rxd2 axb3 25.
Rb2 Rxa2 26. Rbxa2 bxa2 27. Rxa2 Nc4 28. Ra7 Nd6 29. e3 Kf7 30. h4 Ke7 31. Be2 h6 32.
Bd3 g5 33. h5 Kd7 34. Kf1 Kc7 35. Ke2 Nc8 36. Ra1 Nb6 37. f4 Ra8 38. Rf1 Ra2+ 39. Kf3 Nc8 40. fxg5 fxg5 41. Kg4 Ra3 42. Rf7+ Kd6 43. Bf5 Ne7 44. Rf6+ Kc7 45. Rxh6 Rxe3 46. Rh7 Kd6 47. Rh6+ Kc7 48. Rh7 Kd8 49. Rh8+ Kc7 50. Rh7 1/2-1/2

[Event "Early-Titled-Tuesday-Blitz-January-23-2024"]
[Site "Chess.com"]
[Date "2024.01.23"]
[Round "1"]
[White "Roosters19"]
[Black "MKlose11"]
[Result "0-1"]
[WhiteElo "2331"]
[BlackElo "2642"]
[TimeControl "180+1"]
[EndTime "8:06:59 PST"]
[Termination "MKlose11 won by resignation"]

1. d4 Nf6 2. Bg5 g6 3. Bxf6 exf6 4. e3 f5 5. Ne2 Bg7 6. Nf4 d6 7. h4 h6 8. Nd2 Nd7 9. Bc4 Nf6 10. Bb3 d5 11. c4 c6 12. cxd5 Nxd5 13. Nxd5 cxd5 14. Nb1 O-O 15. Nc3 Be6 16. Qf3 Qa5 17. O-O Rad8 18.
h5 g5 19. Bc2 Qb4 20. Rab1 f4 21. exf4 Qxd4 22. fxg5 hxg5 23. Rbd1 Qh4 24. Nxd5 Bg4 25. Nf6+ Bxf6 26. Qxf6 Rxd1 27. Bxd1 Qxh5 28. f3 Be6 29.
Bc2 Rc8 30. Be4 g4 31. Rd1 g3 32.
Rd8+ Rxd8 33. Qxd8+ Kg7 34. Qd4+ f6 35. f4 Qh2+ 36.
Kf1 Qh1+ 37. Ke2 Bg4+ 38. Kd3 Qf1+ 39. Kc3 Qxf4 40. Qxa7 Qxe4 0-1

[Event "Early-Titled-Tuesday-Blitz-January-23-2024"]
[Site "Chess.com"]
[Date "2024.01.23"]
[Round "1"]
[White "WiktoriaPOL"]
[Black "Chernobay_Artem"]
[Result "0-1"]
[WhiteElo "2260"]
[BlackElo "2606"]
[TimeControl "180+1"]
[EndTime "8:06:59 PST"]
[Termination "Chernobay_Artem won by resignation"]

1. c4 Nf6 2. Nc3 g6 3. g3 Bg7 4.
Bg2 O-O 5. e4 c5 6. Nge2 Nc6 7.
O-O Ne8 8. d3 Nc7 9. Be3 Ne6 10.
f4 d6 11. a3 Ned4 12. Rb1 a5 13. Nb5 Bg4 14. Nbc3 Rb8 15. h3 Nxe2+ 16. Nxe2 Bd7 17. d4 cxd4 18. Nxd4 Qc8 19. Nxc6 bxc6 20. Qd2 Bxh3 21. f5 Bxg2 22. Kxg2 Rb3 23. Bh6 Qa6 24. Rh1 Qxc4 25. Bxg7 Qxe4+ 26. Kf1 Qxh1+ 27. Kf2 Rf3+ 28. Ke2 Qg2+ 29. Kd1 Rf1+ 30. Kc2 Qxd2+ 0-1

[Event "Early-Titled-Tuesday-Blitz-January-23-2024"]
[Site "Chess.com"]
[Date "2024.01.23"]
[Round "1"]
[White "SharapovEvgeny"]
[Black "CFN_Good_Evening"]
[Result "0-1"]
[WhiteElo "2527"]
[BlackElo "1916"]
[TimeControl "180+1"]
[EndTime "8:06:59 PST"]
[Termination "CFN_Good_Evening won by resignation"]

1. e4 c5 2. Nf3 Nc6 3. d4 cxd4 4. Nxd4 Nf6 5. Nc3 e5 6. Ndb5 d6 7. Bg5 a6 8. Na3 Be7 9. Nc4 b5 10. Bxf6 gxf6 11. Ne3 Nd4 12. Bd3 f5 13. exf5 Bg5 14. O-O Rg8 15. Ncd5 Bb7 16. Kh1 Bxe3 17. Nxe3 Qh4 18. f3 Qh6 19. Ng4 Qg5 20. c3 h5 21.
cxd4 hxg4 22. fxg4 Qxg4 23. Qxg4 Rxg4 24. Rf2 Rxd4 25.
Bf1 Rc8 26. Kg1 Ke7 27. h3 Kf6 28. a4 b4 29. a5 Kg5 30. f6 Rf4 31. Rxf4 exf4 32.
Ra4 Rc1 33. Rxb4 Bc6 34. Kf2 Rc2+ 35. Kg1 Rc1 36. Rc4 Rxf1+ 37. Kxf1 Bb5 38. b3 d5 39. Kf2 dxc4 40. bxc4 Bxc4 41. g3 fxg3+ 42. Kxg3 Kxf6 43. Kf4 Bf1 44. h4 Be2 45. Ke3 Bb5 46. Kf4 Kg6 47. Ke5 Bc4 48. Kd4 Ba2 49. Ke5 Kh5 0-1

[Event "Early-Titled-Tuesday-Blitz-January-23-2024"]
[Site "Chess.com"]
[Date "2024.01.23"]
[Round "1"]
[White "Bigfish1995"]
[Black "BigAl"]
[Result "1-0"]
[WhiteElo "3130"]
[BlackElo "2536"]
[TimeControl "180+1"]
[EndTime "8:07:00 PST"]
[Termination "Bigfish1995 won on time"]

1. e4 c6 2. d4 d5 3. f3 Qb6 4. a4 a5 5. exd5 Nf6 6. dxc6 Nxc6 7. Bb5 Bd7 8. Ne2 O-O-O 9. c4 e5 10. d5 Nb4 11.
Bxd7+ Rxd7 12. Nbc3 Bc5 13. Bg5 Bf2+ 14. Kf1 Be3 15. Bxf6 gxf6 16. Qb1 Kb8 17. g3 h5 18. h4 Rdd8 19. Qf5 Rdg8 20. Rd1 Qc5 21. b3 Rg6 22.
Ne4 Qa7 23. Nxf6 Ka8 24. Nd7 Re8 25. Nxe5 Rgg8 26. f4 Bf2 27. Rh3 f6 28. Qxf6 Nc2 29.
Rd3 Be1 30. Rh2 Ref8 31. Qd6 Bxg3 32. Rxg3 Ne3+ 33. Ke1 1-0

[Event "Early-Titled-Tuesday-Blitz-January-23-2024"]
[Site "Chess.com"]
[Date "2024.01.23"]
[Round "1"]
[White "tandaleo"]
[Black "Sanan_Sjugirov"]
[Result "0-1"]
[WhiteElo "2517"]
[BlackElo "2997"]
[TimeControl "180+1"]
[EndTime "8:07:00 PST"]
[Termination "Sanan_Sjugirov won on time"]

1. f4 d5 2. Nf3 Nf6 3. b3 Bf5 4. Bb2 e6 5. e3 h6 6. Be2 Be7 7. d3 c5 8. Nbd2 Nc6 9. O-O Qc7 10.
Ne5 Rg8 11. Bf3 Bh7 12. e4 dxe4 13. Nxe4 Bxe4 14. dxe4 Rd8 15. Qe2 Nd4 16. Bxd4 cxd4 17. Nd3 g5 18. e5 g4 19. Bxb7 Nd5 20. Bxd5 Rxd5 21. f5 Bg5 22. fxe6 fxe6 23. Kh1 h5 24. Rf2 Rf8 25. Raf1 Rxf2 26. Qxf2 Qe7 27. Qe1 Be3 28.
Rf6 Rxe5 29. Nxe5 Qxf6 30. Nd3 Qf5 31. Qe2 e5 32. Ne1 e4 33. c3 Ke7 34. cxd4 Bxd4 35. Nc2 Bb6 36. h3 g3 0-1

[Event "Early-Titled-Tuesday-Blitz-January-23-2024"]
[Site "Chess.com"]
[Date "2024.01.23"]
[Round "1"]
[White "KorolDimitriy75"]
[Black "CaspiIsrael"]
[Result "0-1"]
[WhiteElo "2373"]
[BlackElo "2684"]
[TimeControl "180+1"]
[EndTime "8:07:00 PST"]
[Termination "CaspiIsrael won by resignation"]

1. d4 Nf6 2. c4 g6 3. Nc3 d5 4. cxd5 Nxd5 5. e4 Nxc3 6. bxc3 Bg7 7.
Nf3 c5 8. Rb1 O-O 9. Be2 b6 10.
O-O Bb7 11. Qd3 Nd7 12. Bg5 h6 13. Bh4 Nf6 14. e5 Nd5 15. Qd2 cxd4 16. cxd4 Qd7 17. h3 Rac8 18. Rfc1 e6 19. Bb5 Bc6 20. Ba6 Rc7 21.
Rc2 Ba8 22. Rbc1 Rb8 23. Rxc7 Nxc7 24. Be2 Bb7 25. Qb4 Bf8 26. Qd2 Nd5 27. Kh2 a6 28. Bd3 Rc8 29. Rc2 Rxc2 30. Bxc2 b5 31. Qe1 Qc7 32. Bb3 a5 33. Nd2 a4 34. Bxd5 Bxd5 35. Ne4 Bxe4 36. Qxe4 b4 37. Qa8 b3 38.
Qxa4 b2 39. Qb3 Qc1 40. Qb8 b1=Q 41. Qe8 Qg1+ 42. Kg3 Qd3+ 43. f3 Qe1+ 0-1

[Event "Early-Titled-Tuesday-Blitz-January-23-2024"]
[Site "Chess.com"]
[Date "2024.01.23"]
[Round "1"]
[White "SpeedofLight0"]
[Black "RichardLeyvaP"]
[Result "1-0"]
[WhiteElo "2903"]
[BlackElo "2495"]
[TimeControl "180+1"]
[EndTime "8:07:01 PST"]
[Termination "SpeedofLight0 won by resignation"]

1. d4 Nf6 2. Nf3 g6 3. Nc3 d5 4. Bf4 c6 5. e3 Bf5 6. Bd3 Bxd3 7. cxd3 Bg7 8. Qb3 Qb6 9. Qc2 O-O 10. O-O Nbd7 11. Na4 Qd8 12. h3 Re8 13. Qb3 b6 14.
Rfc1 Rc8 15. Rc2 c5 16. Rac1 h6 17. Bh2 Bf8 18. dxc5 bxc5 19. Nxc5 Nxc5 20. Rxc5 Rxc5 21. Rxc5 e6 22. Rc7 Bd6 23. Rxa7 Bxh2+ 24. Nxh2 Qd6 25. Qb7 Rf8 26. Ra6 Qc5 27. Rc6 Qa5 28. a3 Qd2 29.
Qb3 d4 30. Nf3 Qe2 31. Qc2 Qxc2 32. Rxc2 dxe3 33. fxe3 Rb8 34. Ne5 Rb3 35. Rf2 Nd5 36.
e4 Ne3 37. Rd2 g5 38. Kf2 f6 39. Nf3 Rxb2 40. Kxe3 1-0

[Event "Early-Titled-Tuesday-Blitz-January-23-2024"]
[Site "Chess.com"]
[Date "2024.01.23"]
[Round "1"]
[White "Aleksandar-Topalov"]
[Black "djano"]
[Result "0-1"]
[WhiteElo "2349"]
[BlackElo "2661"]
[TimeControl "180+1"]
[EndTime "8:07:01 PST"]
[Termination "djano won by resignation"]

1. b3 c5 2. Bb2 Nc6 3. Nf3 d6 4.
d4 cxd4 5. Nxd4 Nf6 6. c4 e5 7. Nxc6 bxc6 8. g3 Be7 9. Bg2 O-O 10. O-O Bd7 11. c5 Qc7 12. cxd6 Bxd6 13. Nd2 Rad8 14. Qc2 Nd5 15. Nc4 Rfe8 16. Nxd6 Qxd6 17. Rfd1 Qb8 18.
Rac1 Nb4 19. Qb1 Bg4 20. a3 Nd5 21. Qc2 h5 22. b4 Rc8 23. h3 Be6 24. Qc5 f6 25. e3 a6 26. Kh2 Red8 27. Bf1 h4 28. g4 e4+ 29. Kg1 f5 30. Bxa6 fxg4 31. Bxc8 Rxc8 32. Qd4 Qb7 33. b5 gxh3 34. bxc6 Qf7 35. Kh2 Qxf2+ 0-1

[Event "Early-Titled-Tuesday-Blitz-January-23-2024"]
[Site "Chess.com"]
[Date "2024.01.23"]
[Round "1"]
[White "Lion-Al-Messi"]
[Black "Sajith_Peiris"]
[Result "1-0"]
[WhiteElo "2603"]
[BlackElo "2246"]
[TimeControl "180+1"]
[EndTime "8:07:01 PST"]
[Termination "Lion-Al-Messi won by resignation"]

1. e4 c6 2. Nf3 d5 3. Nc3 Nf6 4.
e5 Ne4 5. Ne2 Qb6 6. d4 e6 7.
Ng3 Nxg3 8. hxg3 c5 9. c3 Nc6 10. dxc5 Bxc5 11. Qe2 Bd7 12. b4 Be7 13. Be3 Qc7 14. Bd2 h6 15. Qe3 a5 16. b5 Nd8 17.
Bd3 b6 18. a4 Nb7 19. O-O Nc5 20. Bc2 O-O 21. Nd4 f6 22. Rae1 f5 23. f4 Ne4 24.
Bxe4 fxe4 25. g4 Bc5 26. Rc1 Rae8 27. Qg3 Qd8 28. g5 hxg5 29. fxg5 Rxf1+ 30. Rxf1 Rf8 31. g6 Rxf1+ 32. Kxf1 Qf8+ 33. Ke2 Bxd4 34. cxd4 Be8 35.
Qg5 Qf5 36. Qxf5 exf5 37. Bg5 Bxg6 38. Bd8 Bh5+ 39. Ke1 f4 40. Bxb6 g5 41. Bxa5 Be8 42.
Bd8 g4 43. Bg5 f3 44. gxf3 exf3 45. Kf2 Bd7 46. b6 Bc8 47. e6 Kf8 48. Bf6 Ke8 49.
Kg3 Bb7 50. a5 Ba6 51. Bh4 Bb7 52. Kxg4 f2 53. Bxf2 Kd8 54. Bh4+ Kc8 55. Kf5 Bc6 56. Ke5 Kb7 57. Kd6 Be8 58. Bd8 Ka6 59. e7 Bf7 60.
Kd7 Kxa5 61. b7+ 1-0

[Event "Early-Titled-Tuesday-Blitz-January-23-2024"]
[Site "Chess.com"]
[Date "2024.01.23"]
[Round "1"]
[White "bascheyaro"]
[Black "LastHeroJr"]
[Result "1-0"]
[WhiteElo "2797"]
[BlackElo "2438"]
[TimeControl "180+1"]
[EndTime "8:07:02 PST"]
[Termination "bascheyaro won by resignation"]

1. d4 d5 2. Nf3 Nf6 3. Bf4 c6 4. c4 e6 5. Nc3 Be7 6. e3 O-O 7. Qc2 Nbd7 8. Rd1 b6 9. cxd5 cxd5 10. Bd3 Bb7 11. O-O Rc8 12. Rc1 a6 13. Ne5 b5 14.
Qe2 Nxe5 15. Bxe5 Bd6 16. f4 Be7 17. f5 Ne4 18. Bxe4 dxe4 19. fxe6 f6 20. Bg3 Bd5 21. Qg4 Bc4 22. Qxe4 b4 23. Na4 Bxf1 24. Rxf1 Qa5 25.
b3 Rfd8 26. Rd1 f5 27. Qb7 Bg5 28. Qf3 g6 29. h4 Be7 30. Qb7 Kf8 31. d5 Qb5 32.
Qxb5 axb5 33. Nb6 Rc3 34. d6 Rxe3 35. Nd7+ Ke8 36. dxe7 Kxe7 37. Bf4 Rxe6 38. Bg5+ Ke8 39. Bxd8 Kxd8 40. Nc5+ 1-0

[Event "Early-Titled-Tuesday-Blitz-January-23-2024"]
[Site "Chess.com"]
[Date "2024.01.23"]
[Round "1"]
[White "nickmatta"]
[Black "hmatyi07"]
[Result "1-0"]
[WhiteElo "2577"]
[BlackElo "2178"]
[TimeControl "180+1"]
[EndTime "8:07:02 PST"]
[Termination "nickmatta won by resignation"]

1. d4 Nf6 2. Bf4 g6 3. Nc3 c5 4. d5 b5 5. Nxb5 Qa5+ 6. Nc3 Ne4 7. Qd3 Bg7 8. Bd2 Nxd2 9. Qxd2 Na6 10. Nf3 Rb8 11.
e4 Rxb2 12. e5 O-O 13. Bc4 Qb4 14. Bd3 d6 15. O-O Bg4 16. Bxa6 Bxf3 17. gxf3 Bxe5 18. Ne4 Qxd2 19. Nxd2 Rxc2 20. Rad1 Rxa2 21. Bc4 Rc2 22. Bd3 Rc3 23. Ne4 Ra3 24. Rfe1 Rb8 25. Nxc5 Bc3 26.
Nd7 Rbb3 27. Rxe7 Bb2 28. Be4 f5 29. Bc2 Rxf3 30. Rb1 Ra2 31. Nf6+ Kf8 32. Rxh7 a5 33. Bd1 Rxf2 34. Kxf2 Bxf6+ 35. Kf1 Bb2 36. Bb3 1-0

[Event "Early-Titled-Tuesday-Blitz-January-23-2024"]
[Site "Chess.com"]
[Date "2024.01.23"]
[Round "1"]
[White "EdmundPlayer"]
[Black "Zavgorodniy_Sergiy"]
[Result "0-1"]
[WhiteElo "2245"]
[BlackElo "2602"]
[TimeControl "180+1"]
[EndTime "8:07:03 PST"]
[Termination "Zavgorodniy_Sergiy won by checkmate"]

1. Nc3 Nf6 2. e4 e5 3. Bc4 Bb4 4. Nd5 Nxd5 5. Bxd5 c6 6. Bb3 d5 7. Nf3 O-O 8. O-O dxe4 9. Nxe5 Bd6 10. d4 exd3 11.
Nxd3 Qc7 12. Qh5 Nd7 13. Re1 Nf6 14. Qh4 Bf5 15. Bg5 Nd5 16. Bxd5 cxd5 17. Bf4 Rfe8 18. Bxd6 Qxd6 19. Qd4 Qg6 20. Nf4 Qg4 21. c3 Be4 22.
Qe3 g5 23. f3 gxf4 24. Qf2 Qf5 25. fxe4 dxe4 26. Rf1 f3 27. gxf3 e3 28. Qg3+ Kh8 29.
Kh1 Rg8 30. Qd6 Rad8 31. Qe7 Rde8 32. Qd6 e2 33. Rf2 e1=Q+ 34. Rxe1 Rxe1+ 35. Rf1 Qxf3# 0-1

[Event "Early-Titled-Tuesday-Blitz-January-23-2024"]
[Site "Chess.com"]
[Date "2024.01.23"]
[Round "1"]
[White "JiiHart"]
[Black "jeetjain"]
[Result "0-1"]
[WhiteElo "2142"]
[BlackElo "2562"]
[TimeControl "180+1"]
[EndTime "8:07:03 PST"]
[Termination "jeetjain won on time"]

1. e4 c6 2. d4 d5 3. Nc3 dxe4 4.
Nxe4 Nf6 5. Nxf6+ exf6 6. Bf4 Be6 7. c3 Bd6 8. Qf3 O-O 9. Bd3 Na6 10. Ne2 Bxf4 11.
Qxf4 Nc7 12. h4 Nd5 13. Qg3 Qb6 14. O-O-O a5 15. h5 h6 16. Nf4 Nxf4 17. Qxf4 Rfd8 18.
g4 Bxa2 19. Qf5 Be6 20. Qh7+ Kf8 21. Qh8+ Ke7 22. Qxg7 a4 23. g5 fxg5 24. Qxh6 a3 25. Qxg5+ Kd7 26. b4 a2 27. Kd2 Rg8 28. Qf4 Qa7 29. h6 Qa3 30. h7 Rh8 31. Qe5 Qb2+ 32. Ke3 Rae8 33. d5 Bxd5 34. Bf5+ Kd8 35. Qxe8+ Rxe8+ 36.
Kd4 Qxf2+ 37. Kd3 Re3+ 38. Kd4 Qf4+ 39. Kc5 Qc4+ 40. Kb6 Qb5+ 41. Ka7 Qa6+ 42. Kb8 Re8 43. h8=Q Rxh8 44. Rxh8+ Ke7 45. Rc8 a1=Q 46. Rxa1 Qxa1 47.
Rc7+ Kf6 48. Bd3 Qxc3 0-1

[Event "Early-Titled-Tuesday-Blitz-January-23-2024"]
[Site "Chess.com"]
[Date "2024.01.23"]
[Round "1"]
[White "nekotyanof"]
[Black "Der_Balak_3Halak"]
[Result "1-0"]
[WhiteElo "2639"]
[BlackElo "2321"]
[TimeControl "180+1"]
[EndTime "8:07:04 PST"]
[Termination "nekotyanof won on time"]

1. e4 c5 2. Nf3 Nc6 3. Bb5 e6 4. O-O Nge7 5. c3 a6 6. Ba4 g6 7. d4 cxd4 8. cxd4 d5 9. exd5 exd5 10. Bg5 Bg7 11. Re1 b5 12. Bb3 O-O 13. Ne5 Nxe5 14.
dxe5 Be6 15. Nd2 Rc8 16. Nf3 Qd7 17. Qd2 h6 18. Bxh6 Nc6 19. Bxg7 Kxg7 20. Qf4 Qe7 21. Rad1 Rcd8 22. Ng5 Na5 23. Qf6+ Qxf6 24. exf6+ Kxf6 25. Nh7+ Kg7 26. Nxf8 Kxf8 27. Rd4 Nxb3 28. axb3 Rc8 29. Red1 Rc2 30. R4d2 Rc6 31. h3 Ke7 32. b4 Rc4 33. Rd4 Rc2 34. R1d2 Rc1+ 35. Kh2 Kd6 36. g4 Ke5 37.
f4+ Kf6 38. Kg3 Rg1+ 39. Kf2 Rh1 40. Kg2 Re1 41. b3 Re3 42. Ra2 Rxb3 43. Rxa6 Rb2+ 44.
Kg3 Rb3+ 45. Kh4 Rf3 46. Rxd5 Rxf4 47. Rxb5 Rf3 48. Rc5 Kg7 49. b5 f6 50. Rxe6 g5+ 51. Rxg5+ fxg5+ 52. Kxg5 Rxh3 53. Re7+ Kf8 54. Rb7 Rb3 55. b6 Kg8 56. Kg6 Kf8 57. g5 Rb5 58.
Rf7+ Kg8 59. Rf6 Rb4 60. Rc6 Kf8 61. Kh7 1-0

[Event "Early-Titled-Tuesday-Blitz-January-23-2024"]
[Site "Chess.com"]
[Date "2024.01.23"]
[Round "1"]
[White "AnaKuchava"]
[Black "nindjaxx8"]
[Result "0-1"]
[WhiteElo "2226"]
[BlackElo "2593"]
[TimeControl "180+1"]
[EndTime "8:07:04 PST"]
[Termination "nindjaxx8 won on time"]

1. d4 d5 2. Nf3 Nf6 3. c4 e6 4. Nc3 Be7 5. Bf4 O-O 6. e3 b6 7. Bd3 dxc4 8. Bxc4 Bb7 9. O-O Nbd7 10. Qe2 c5 11. Rfd1 Qc8 12. Rac1 Rd8 13. Nb5 Nh5 14. Bd6 Bxd6 15. Nxd6 Qc7 16. Nxb7 Qxb7 17. Ne5 Nhf6 18. Ba6 Qc7 19. Nxd7 Rxd7 20. dxc5 Rxd1+ 21. Qxd1 bxc5 22. Qc2 Qa5 23. Bb7 Rd8 24. h3 Qxa2 25. Qxc5 Qxb2 26.
Qc7 Rf8 27. Bf3 a5 28. Rc5 a4 29. Ra5 Qa1+ 30. Kh2 Qa2 31. Kg1 Qb1+ 0-1

[Event "Early-Titled-Tuesday-Blitz-January-23-2024"]
[Site "Chess.com"]
[Date "2024.01.23"]
[Round "1"]
[White "Harry_Rakkel"]
[Black "Smile2005"]
[Result "0-1"]
[WhiteElo "2667"]
[BlackElo "2389"]
[TimeControl "180+1"]
[EndTime "8:07:06 PST"]
[Termination "Smile2005 won by checkmate"]

1. e4 c5 2. Nf3 e6 3. d4 cxd4 4. Nxd4 a6 5. c4 Nf6 6. Nc3 Qc7 7. Bd3 Nc6 8. Nxc6 dxc6 9. O-O e5 10. Qe2 Bc5 11. Na4 Bd4 12. c5 Bg4 13. Qc2 O-O 14.
Bd2 Rad8 15. h3 Be6 16. Rad1 h6 17. b4 Qe7 18. Nb6 a5 19. a3 axb4 20. axb4 Nd7 21. Nc4 Bxc4 22. Bxc4 Nf6 23. Be3 Bxe3 24. fxe3 Rxd1 25. Rxd1 Rd8 26. Rf1 Rd7 27. Kh2 Qd8 28. Rf2 Rd1 29. Qb3 Ng4+ 30. Kg3 Nxf2 31. Kxf2 Qd2+ 32.
Kf3 Rg1 33. Bxf7+ Kh8 34. Qa2 Rf1+ 35. Kg3 Qxe3+ 36. Kh4 Qg5# 0-1

[Event "Early-Titled-Tuesday-Blitz-January-23-2024"]
[Site "Chess.com"]
[Date "2024.01.23"]
[Round "1"]
[White "MrTattaglia"]
[Black "Smiechu"]
[Result "1-0"]
[WhiteElo "2860"]
[BlackElo "2476"]
[TimeControl "180+1"]
[EndTime "8:07:07 PST"]
[Termination "MrTattaglia won by checkmate"]

1. e4 c5 2. Nf3 g6 3. Nc3 Nc6 4. h4 h5 5. Bc4 Bg7 6. d3 d6 7. a3 Bg4 8. Be3 e6 9. Bb5 Ne7 10. d4 cxd4 11. Bxd4 Bxf3 12. gxf3 Bxd4 13. Qxd4 O-O 14.
Qe3 d5 15. O-O-O d4 16. Qe2 Qa5 17. Na2 a6 18. Bxc6 Nxc6 19. f4 b5 20. Rhg1 b4 21.
Rg5 e5 22. Qxh5 Kg7 23. Rdg1 Ne7 24. Nxb4 Rac8 25. Qg4 d3 26. c3 Qc5 27. f5 Qxf2 28. fxg6 f6 29. Rh5 Qe3+ 30. Kb1 Rh8 31. Rh7+ Kg8 32.
Qe6+ Kf8 33. Qf7# 1-0

[Event "Early-Titled-Tuesday-Blitz-January-23-2024"]
[Site "Chess.com"]
[Date "2024.01.23"]
[Round "1"]
[White "sina101"]
[Black "Duhless"]
[Result "0-1"]
[WhiteElo "2537"]
[BlackElo "3132"]
[TimeControl "180+1"]
[EndTime "8:07:09 PST"]
[Termination "Duhless won on time"]

1. d4 Nf6 2. c4 e6 3. Nc3 d5 4.
cxd5 exd5 5. Bg5 c6 6. e3 Bd6 7. Bd3 O-O 8. Nge2 Re8 9. Qc2 h6 10. Bh4 Be6 11. Bg3 a5 12. O-O Na6 13. a3 Nc7 14. Rad1 Bg4 15. f3 Bh5 16. Bxd6 Qxd6 17.
e4 dxe4 18. fxe4 Bxe2 19. Nxe2 Qe7 20. Ng3 g6 21. Qf2 Kg7 22. e5 Nfd5 23. Ne4 Ne6 24. Nf6 Red8 25. Qg3 Nxd4 26. Kh1 Qe6 27. Bxg6 fxg6 28.
Rxd4 Ne7 29. Rg4 Rd2 30. Ne4 Rxb2 31. h3 Nf5 32. Qc3 Re2 33. Qd3 Re3 34. Qc4 Qxc4 35. Rxf5 Rxe4 0-1

[Event "Early-Titled-Tuesday-Blitz-January-23-2024"]
[Site "Chess.com"]
[Date "2024.01.23"]
[Round "1"]
[White "rasmussvane"]
[Black "N18player"]
[Result "1-0"]
[WhiteElo "2995"]
[BlackElo "2516"]
[TimeControl "180+1"]
[EndTime "8:07:09 PST"]
[Termination "rasmussvane won on time"]

1. Nf3 c5 2. c4 Nc6 3. Nc3 e5 4. g3 g6 5. Bg2 Bg7 6. d3 d6 7.
O-O Nge7 8. Bg5 h6 9. Bxe7 Nxe7 10. Rb1 O-O 11. Nd2 a6 12. b4 cxb4 13. Rxb4 Nc6 14. Rb1 Ra7 15. Nd5 b5 16. a4 bxc4 17. Nxc4 a5 18. Rb6 Bd7 19. Nxd6 Nb4 20. Nb7 Qb8 21. Nxa5 Nxd5 22. Rxb8 Rxb8 23. Bxd5 Rxa5 24. Bb3 Rb4 25.
Qc2 Bxa4 26. Qc8+ Bf8 27. Bc4 Bb5 28. Bxf7+ Kxf7 29. Qc7+ Be7 30. Qxa5 Rb2 31. Qc3 Ra2 32. Qb3+ 1-0